 Dungeon Sprint DCSS version 0.30-a0-222-ge547ba4400 (webtiles) character file.

Game seed: 15582472472889734410

1245 tbh1313 the Bludgeoner (level 8, -5/111 HPs)
             Began as a Troll Berserker on Oct 9, 2022.
             Was a Priest of Trog.
             Slain by Sonja
             ... wielding a +6 short sword of distortion
              (11 damage)
             ... in the Dungeon (Sprint I: "Red Sonja").
             The game lasted 00:01:54 (331 turns).

tbh1313 the Bludgeoner (Troll Berserker)             Turns: 331, Time: 00:01:54

Health: -5/111     AC:  4    Str: 26    XL:     8   Next: 25%
Magic:  7/7        EV: 10    Int:  5    God:    Trog [***...]
Gold:   405        SH:  0    Dex:  9    Spells: 7/7 levels left

rFire   . . .      SeeInvis .    a - +0 giant spiked club
rCold   . . .      Faith    .    (shield currently unavailable)
rNeg    . . .      Spirit   .    b - +0 animal skin
rPois   .          Reflect  .    (helmet restricted)
rElec   .          Harm     .    (no cloak)
rCorr   .          Rampage  .    (gloves unavailable)
Will    ++...      NoTele   +    (boots unavailable)
Stlth   ..........               (no amulet)
HPRegen 2.18/turn                (no ring)
MPRegen 0.10/turn                (no ring)

@: berserking, strong-willed, regenerating, very quick
A: large, unfitting armour, claws 3, regeneration 1, shaggy fur 1, tough skin 1
a: Renounce Religion, Berserk, Trog's Hand


You were in the Dungeon.
You worshipped Trog.
Trog was most pleased with you.
You visited 1 branch You collected 405 gold pieces.

Inventory:

Hand Weapons
 a - a +0 giant spiked club (weapon)
Armour
 b - a +0 animal skin (worn)
Wands
 i - a wand of iceblast (1)
Scrolls
 h - a scroll of blinking
Potions
 c - a potion of curing
 d - a potion of heal wounds
 e - 2 potions of haste
 f - 2 potions of magic
 g - a potion of berserk rage


   Skills:
 - Level 2.4 Fighting
 + Level 16.6 Maces & Flails
 - Level 2.4 Dodging


You had 7 spell levels left.
You didn't know any spells.
Your spell library was empty.

Dungeon Overview and Level Annotations

Branches:
Dungeon (1/1)

Altars:
Cheibriados
Dithmenos
Elyvilon
Fedhas
Gozag
Hepliaklqana
Kikubaaqudgha
Makhleb
Nemelex Xobeh
Okawaru
Qazlal
Ru
Sif Muna
Trog
Uskayaw
Vehumet
Wu Jian
Xom
Yredelemnul
Zin
The Shining One
Jiyva
Lugonu

Shops:
D (

Annotations:
D Sonja


Innate Abilities, Weirdness & Mutations

You are too large for most types of armour.
You have claws for hands.
Your natural rate of healing is unusually fast.
You are covered in fur. (AC +1)
You have tough skin. (AC +1)


Message History

You see here 6 stones.
You see here a +0 helmet.
There is an ornate altar of the Wu Jian Council here.
You open the door.
Sonja, the Graceful Assassin comes into view.
She is wielding a +6 short sword of distortion and quivering curare-tipped darts.
Sonja shouts!
Found 108 gold pieces.
Your skin crawls.
You feel strong-willed.
You can no longer call in reinforcements.
Sonja shouts, "Hah!
Missed me again!"
Okay, then.
Okay, then.
A red film seems to cover your vision as you go berserk!
You feel yourself moving faster!
You feel mighty!
Sonja throws a curare-tipped dart.
The curare-tipped dart barely misses you.
You thump Sonja!
Sonja is heavily wounded.
Sonja hits you with a +6 short sword of distortion!
Sonja hits you with a +6 short sword of distortion.
Space warps horribly around you!
Sonja hits you with a +6 short sword of distortion!
Space warps horribly around you!!
You completely miss Sonja.
Sonja is heavily wounded.
Sonja misses you.
Sonja hits you with a +6 short sword of distortion!
Space warps around you.
Sonja hits you with a +6 short sword of distortion!
Space warps horribly around you!!
* * * LOW HITPOINT WARNING * * *
You closely miss Sonja.
Sonja is heavily wounded.
You miss Sonja.
Sonja is heavily wounded.
Sonja hits you with a +6 short sword of distortion!
* * * LOW HITPOINT WARNING * * *
Space warps horribly around you!
You die...

##########################
#<.#..)..#..'..#__#..'...#
#..+).#..').#..'..'..#)..#
#..#####'#####'#__####...+
#..####..#...#(#### #####
#..#__####..##[#
#..#_____##'#_.+
#⌠⌠#_.∩...'..._#
####_..__##_@#'#
#_____###K#.# #######
#.### $.$ $.$ ##.## #+#


You could see Sonja.

Levels and vault maps discovered:
D:        dungeon_sprint_1 [red_sonja_temple_1, red_sonja_temple_small_1]

Notes
Turn   | Place    | Note
-------+----------+-------------------------------------------
     0 | D        | tbh1313 the Troll Berserker began the quest for the Orb.
     0 | D        | Reached XP level 1. HP: 22/22 MP: 0/0
     1 | D        | Noticed Ijyb
     5 | D        | Killed Ijyb
     6 | D        | Reached skill level 5 in Maces & Flails
     6 | D        | Reached XP level 2. HP: 25/29 MP: 1/1
    46 | D        | Noticed an ogre
    52 | D        | Killed an ogre
    53 | D        | Reached skill level 8 in Maces & Flails
    53 | D        | Reached XP level 3. HP: 36/36 MP: 2/2
    53 | D        | Reached XP level 4. HP: 44/44 MP: 3/3
    95 | D        | Noticed Sigmund
   108 | D        | Killed Sigmund
   108 | D        | Reached ** piety under Trog
   109 | D        | Reached skill level 11 in Maces & Flails
   109 | D        | Reached XP level 5. HP: 50/50 MP: 4/4
   109 | D        | Reached XP level 6. HP: 59/59 MP: 5/5
   143 | D        | Found an ornate altar of the Wu Jian Council.
   143 | D        | Found a shimmering blue altar of Sif Muna.
   145 | D        | Found a radiant altar of Vehumet.
   148 | D        | Reached skill level 12 in Maces & Flails
   164 | D        | Found Xuhyjume's Weapon Emporium.
   164 | D        | Found an ancient bone altar of Kikubaaqudgha.
   164 | D        | Found a hazy altar of Hepliaklqana.
   164 | D        | Found a hide-covered altar of Uskayaw.
   164 | D        | Found a basalt altar of Yredelemnul.
   164 | D        | Found an opulent altar of Gozag.
   164 | D        | Found a snail-covered altar of Cheibriados.
   164 | D        | Found a sacrificial altar of Ru.
   164 | D        | Found a shadowy altar of Dithmenos.
   164 | D        | Noticed a yak
   169 | D        | Killed a yak
   170 | D        | Reached skill level 13 in Maces & Flails
   170 | D        | Found a stormy altar of Qazlal.
   170 | D        | Found a blossoming altar of Fedhas.
   170 | D        | Found a bloodstained altar of Trog.
   170 | D        | Found an iron altar of Okawaru.
   170 | D        | Found a glowing golden altar of the Shining One.
   170 | D        | Found a glowing silver altar of Zin.
   170 | D        | Found a white marble altar of Elyvilon.
   171 | D        | Found a sparkling altar of Nemelex Xobeh.
   194 | D        | Found a viscous altar of Jiyva.
   194 | D        | Found a corrupted altar of Lugonu.
   194 | D        | Noticed a slime creature
   195 | D        | Found a burning altar of Makhleb.
   195 | D        | Found a shimmering altar of Xom.
   203 | D        | Killed a slime creature
   204 | D        | Reached skill level 14 in Maces & Flails
   204 | D        | Reached XP level 7. HP: 32/66 MP: 6/6
   245 | D        | Noticed a kobold demonologist
   245 | D        | Noticed a kobold demonologist
   248 | D        | Killed a kobold demonologist
   248 | D        | Reached *** piety under Trog
   249 | D        | Reached skill level 15 in Maces & Flails
   249 | D        | Paralysed by a floating eye for 2 turns
   254 | D        | Noticed an orange demon
   254 | D        | Killed a kobold demonologist
   255 | D        | Reached skill level 16 in Maces & Flails
   255 | D        | Reached XP level 8. HP: 74/74 MP: 7/7
   255 | D        | Reached **** piety under Trog
   325 | D        | Noticed Sonja
   331 | D        | HP: 6/111 [Sonja/+6 short sword of distortion (10)]
   331 | D        | Slain by Sonja

Table legend: (Time is in decaauts)
 A = Elapsed time spent in this place.
 B = Non-inter-level travel time spent in this place.
 C = Inter-level travel time spent in this place.
 D = Time resting spent in this place.
 E = Time spent auto-exploring this place.
 F = Levels seen in this place.
 G = Mean time per level.
                   A        B        C        D        E       F      G
               +--------+--------+--------+--------+--------+-----+--------+
         Total |    384 |    384 |      0 |    220 |      0 |   1 |  384.0 |
       Dungeon |    384 |    384 |      0 |    220 |      0 |   1 |  384.0 |
               +--------+--------+--------+--------+--------+-----+--------+

Top non-repeatable levels by time:
       D: 384 daAuts

Table legend:
 A = Kills in this place as a percentage of kills in entire the game.
 B = Kills by you in this place as a percentage of kills by you in the entire game.
 C = Kills by friends in this place as a percentage of kills by friends in the entire game.
 D = Other kills in this place as a percentage of other kills in the entire game.
 E = Experience gained in this place as a percentage of experience gained in the entire game.
 F = Experience gained in this place divided by the number of levels of this place that you have seen.
                   A       B       C       D       E      F
               +-------+-------+-------+-------+-------+----------------------
         Total | 100.0 | 100.0 |   N/A |   N/A | 100.0 | 1779.0
       Dungeon | 100.0 | 100.0 |   N/A |   N/A | 100.0 | 1779.0
               +-------+-------+-------+-------+-------+----------------------

Action                   |  1- 3 |  4- 6 |  7- 9 || total
-------------------------+-------+-------+-------++-------
Melee: Mace              |     7 |       |       ||     7
       Punch             |     1 |       |       ||     1
       Giant spiked club |       |    23 |    10 ||    33
Invok: Berserk           |     2 |     2 |     2 ||     6
       Trog's Hand       |       |       |     1 ||     1
Armor: Animal skin       |       |     2 |       ||     2
Dodge: Dodged            |     1 |     9 |     2 ||    12

Vanquished Creatures
  2 kobold demonologists (D)
  A slime creature (D)
  Sigmund (D)
  A yak (D)
  A floating eye (D)
  An ogre (D)
  A jelly (D)
  Ijyb (D)
9 creatures vanquished.
